Map: 2000 Atmospheres LE

Players

Lilbow

  • Race: Protoss Protoss

Elazer - Winner!

  • Race: Zerg Zerg

Event: DreamHack SC2 Masters 2021 Fall

VOD

Have the link to the VOD?

Description

Time

  • Played on: July 30, 2021, 12:55 p.m.
  • Length: 7:23

All games in this series

Show
View Real Time Build Order
Export as new Build Order

Lilbow Protoss 

Build Orders: 1 Gate Expand, Mass Adepts 

Get SALT Encoding   

  12  0:00  Probe  
  13  0:12  Probe  
  14  0:19  Pylon  
  14  0:24  Probe  
  15  0:37  Gateway, Probe (Chrono Boost)  
  16  0:46  Assimilator, Probe (Chrono Boost)  
  17  0:51  Probe  
  18  1:03  Probe  
  19  1:16  Probe  
  20  1:24  Nexus  
  20  1:33  Cybernetics Core  
  20  1:37  Probe  
  21  1:46  Assimilator  
  21  1:49  Probe  
  21  1:52  Pylon  
  22  2:01  Probe (Chrono Boost)  
  23  2:07  Adept (Chrono Boost)  
  23  2:13  Probe (Chrono Boost)  
  26  2:19  Stargate  
  26  2:21  Probe (Chrono Boost)  
  27  2:25  Warp Gate  
  27  2:29  Probe (Chrono Boost)  
  28  2:30  Adept  
  28  2:36  Probe (Chrono Boost)  
  32  2:45  Probe (Chrono Boost)  
  32  2:46  Probe (Chrono Boost)  
  32  2:51  Probe x2 (Chrono Boost)  
  33  2:54  Void Ray (Chrono Boost)  
  35  3:03  Probe  
  35  3:04  Probe  
  41  3:07  Pylon  
  41  3:15  Probe  
  41  3:16  Gateway, Probe  
  43  3:27  Probe  
  43  3:28  Probe  
  48  3:38  Twilight Council  
  48  3:39  Probe  
  47  3:44  Gateway  
  47  3:47  Gateway  
  47  3:53  Nexus  
  46  3:56  Pylon  
  46  3:58  Probe  
  47  4:07  Probe  
  48  4:10  Resonating Glaives (Chrono Boost), Probe  
  48  4:14  Adept x2  
  53  4:19  Assimilator  
  53  4:21  Pylon  
  53  4:22  Probe  
  54  4:34  Pylon  
  54  4:37  Adept x2  
  58  4:39  Probe  
  58  4:40  Adept  
  58  4:41  Adept  
  58  4:43  Probe  
  58  4:44  Assimilator  
  64  4:48  Pylon  
  64  4:51  Probe  
  65  4:58  Adept x2  
  68  5:03  Adept x2  
  68  5:05  Probe (Chrono Boost)  
  68  5:06  Probe (Chrono Boost)  
  73  5:12  Probe (Chrono Boost)  
  74  5:18  Probe (Chrono Boost)  
  74  5:21  Adept x2  
  78  5:24  Adept x2, Probe  
  78  5:27  Forge  
  78  5:28  Probe  
  84  5:30  Probe  
  84  5:35  Shield Battery  
  88  5:43  Sentry x2  
  88  5:44  Adept  
  88  5:45  Adept  
  90  5:50  Shield Battery  
  83  6:09  Adept x4  
  83  6:10  Probe  
  80  6:21  Probe  
  73  6:30  Robotics Facility  
  67  6:33  Adept x4  
  67  6:38  Probe  
  70  6:40  Gateway  
  70  6:43  Gateway  
  66  6:53  Adept x2  
  66  6:54  Adept x2  
  74  6:57  Shield Battery  
  68  7:05  Shield Battery  
  68  7:06  Pylon  
  68  7:07  Pylon  
  64  7:14  Adept x2  
Show
View Real Time Build Order
Export as new Build Order

Elazer Zerg - Winner!

Build Orders: Hatch First 

Get SALT Encoding   

  12  0:00  Drone  
  13  0:12  Overlord  
  13  0:16  Drone  
  14  0:30  Drone x2  
  16  0:48  Hatchery  
  15  0:52  Drone  
  15  0:56  Drone  
  17  0:58  Drone  
  18  1:10  Extractor  
  17  1:13  Spawning Pool  
  17  1:17  Drone  
  17  1:20  Drone  
  18  1:28  Drone  
  19  1:39  Drone  
  20  1:47  Hatchery  
  20  1:50  Drone  
  20  2:01  Queen  
  20  2:04  Drone  
  20  2:07  Drone  
  24  2:10  Drone  
  25  2:16  Overlord  
  25  2:24  Queen  
  25  2:25  Drone  
  28  2:35  Zergling x4  
  30  2:38  Queen  
  30  2:40  Drone  
  33  2:44  Drone  
  33  2:45  Drone  
  33  2:49  Metabolic Boost  
  35  2:53  Drone  
  36  2:59  Overlord  
  36  3:00  Drone  
  37  3:08  Queen, Drone x2  
  37  3:11  Drone  
  42  3:16  Queen  
  42  3:19  Drone  
  45  3:20  Drone  
  45  3:25  Drone  
  47  3:28  Overlord  
  47  3:29  Overlord  
  47  3:33  Drone  
  48  3:36  Drone  
  48  3:38  Overlord  
  49  3:47  Drone  
  50  3:50  Drone x6  
  50  3:54  Queen  
  58  3:56  Spore Crawler  
  58  3:57  Overlord  
  58  3:59  Drone  
  58  4:00  Drone  
  59  4:09  Zergling x2  
  62  4:10  Zergling x4  
  62  4:11  Zergling x4  
  62  4:13  Drone x2  
  62  4:14  Overlord  
  66  4:18  Drone x3  
  66  4:21  Extractor  
  66  4:23  Roach Warren  
  67  4:24  Drone x2  
  67  4:29  Drone x3  
  67  4:30  Extractor  
  70  4:33  Queen  
  70  4:34  Drone  
  70  4:36  Overlord  
  73  4:41  Drone x3  
  76  4:47  Overlord x2  
  76  4:48  Overlord  
  75  5:03  Roach x7  
  75  5:06  Roach x4  
  96  5:15  Overlord  
  96  5:16  Zergling x12  
  101  5:21  Zergling x2  
  101  5:22  Zergling x2  
  101  5:25  Ravager x2  
  101  5:26  Ravager  
  106  5:30  Overlord  
  106  5:33  Zergling x10  
  111  5:42  Overlord  
  111  5:47  Roach x5  
  121  5:53  Overlord  
  121  5:55  Roach x3  
  126  6:00  Overlord  
  126  6:02  Evolution Chamber  
  126  6:03  Roach x2  
  124  6:08  Roach  
  124  6:09  Roach  
  124  6:12  Overlord  
  119  6:22  Overlord  
  117  6:28  Drone x6  
  117  6:30  Queen x2, Hatchery  
  124  6:37  Drone x2, Overlord  
  121  6:45  Drone x3  
  121  6:49  Spore Crawler  
  118  6:56  Drone x3  
  117  7:05  Drone  
  117  7:06  Drone  
  113  7:10  Extractor  
  113  7:11  Extractor  

Tags
 
Add a new tag
Caveats
  • Supply blocks, unpowered buildings, or Contaminate may cause inaccurate times.
  • Supply counts are checked every 10 seconds.